 Dungeon Crawl Stone Soup version 0.28.0-47-ge53b351184 (webtiles) character file.

Game seed: 13807200406529441561

5240 101zpm the Thaumaturge (level 10, -11/61 HPs)
             Began as a Djinni Fire Elementalist on May 7, 2022.
             Killed by an exploding acid dragon (12 damage)
             ... ignited by their inner flame
             ... on level 8 of the Dungeon.
             The game lasted 00:25:08 (12627 turns).

101zpm the Thaumaturge (Djinni Fire Elementalist)  Turns: 12627, Time: 00:25:08

Health: -11/61     AC: -2    Str:  7    XL:     10   Next: 92%
Gold:   308        EV: 13    Int: 21    God:
                   SH:  0    Dex: 14

rFire   + + .      SeeInvis +   B - +4 dire flail (holy)
rCold   x . .      Faith    .   (shield currently unavailable)
rNeg    . . .      Spirit   .   a - +0 robe
rPois   ∞          Reflect  .   x - +0 hat
rElec   .          Harm     .   (no cloak)
rCorr   .          Rampage  .   (no gloves)
Will    +....                   (boots unavailable)
Stlth   ++........              (no amulet)
HPRegen 0.20/turn               h - ring of see invisible
MPRegen 0.00/turn               (no ring)

@: corroded, flying
A: sickness immunity, fire resistance 2, cold vulnerability 1, float, innate
caster, HP casting, extra vitality 1
a: no special abilities


You were on level 8 of the Dungeon.
You visited 2 branches of the dungeon, and saw 9 of its levels.

You collected 308 gold pieces.

Inventory:

Hand Weapons
 B - a +4 dire flail of holy wrath (weapon)
 G - a +4 flail of freezing
Armour
 a - a +0 robe (worn)
 x - a +0 hat (worn)
 A - a +0 pair of gloves
Jewellery
 h - a ring of see invisible (left hand)
 I - a +6 ring of dexterity
Wands
 d - a wand of flame (23)
 l - a wand of polymorph (4)
 v - a wand of digging (5)
 C - a wand of acid (22)
 D - a wand of iceblast (8)
Scrolls
 b - a scroll of acquirement {unknown}
 f - 2 scrolls of fear {unknown}
 g - 6 scrolls of identify {unknown}
 j - a scroll of fog {unknown}
 n - 3 scrolls of brand weapon {unknown}
 o - a scroll of enchant weapon {unknown}
 q - 3 scrolls of blinking {unknown}
 t - 4 scrolls of teleportation {unknown}
 w - a scroll of enchant armour {unknown}
 y - a scroll of silence {unknown}
 z - a scroll of vulnerability {unknown}
 E - a scroll of immolation {unknown}
 H - a scroll of amnesia {unknown}
Potions
 c - a potion of degeneration {unknown}
 e - 3 potions of attraction {unknown}
 i - 2 potions of lignification {unknown}
 k - a potion of berserk rage {unknown}
 m - 4 potions of heal wounds {unknown}
 p - 6 potions of curing {unknown}
 r - 4 potions of mutation {unknown}
 s - 2 potions of haste
 u - a potion of magic {unknown}
 F - a potion of might {unknown}
 J - a potion of brilliance {unknown}


   Skills:
 + Level 0.9 Fighting
 + Level 3.5 Dodging
 + Level 3.8 Stealth
 + Level 11.5 Spellcasting


You had 10 spell levels left.
You knew the following spells:

 Your Spells              Type           Power      Damage    Failure   Level
a - Foxfire               Conj/Fire      100%       2x1d9     1%          1
b - Scorch                Fire           100%       2d10      1%          2
c - Conjure Flame         Conj/Fire      57%        6-21      1%          3
d - Inner Flame           Hex/Fire       57%        N/A       1%          3
e - Flame Wave            Conj/Fire      57%        2d11      1%          4
f - Slow                  Hex            100%       N/A       1%          1
g - Searing Ray           Conj           100%       2d8       1%          2
h - Teleport Other        Tloc           57%        N/A       1%          3
i - Dazzling Flash        Conj/Hex       100%       N/A       1%          3
Your spell library was empty.

Dungeon Overview and Level Annotations

Branches:
Dungeon (8/15)             Temple (1/1) D:7
   Lair: D:8-11

Altars:
Ashenzari
Cheibriados
Dithmenos
Elyvilon
Gozag
Kikubaaqudgha
Makhleb
Nemelex Xobeh
Okawaru
Qazlal
Ru
Trog
Wu Jian
Xom
Yredelemnul

Annotations:
D:6 1 runed translucent door, Crazy Yiuf


Innate Abilities, Weirdness & Mutations

You are immune to sickness and miasma.
You are immune to poison.
Your flesh is very heat resistant. (rF++)
You are vulnerable to cold. (rC-)
You float through the air rather than walking.
You learn spells naturally, not from books.
Your magical power is your life essence.
You have superior vitality. (+4 MHP)


Message History

Casting: Foxfire (safe; 1% risk of failure)
Press: ? - help, Q - select action, (/) - cycle Dir - look around, f - activate You conjure some foxfire!
* * * LOW HITPOINT WARNING * * *
Casting: Foxfire (safe; 1% risk of failure)
Press: ? - help, Q - select action, (/) - cycle Dir - look around, f - activate You conjure some foxfire!
* * * LOW HITPOINT WARNING * * *
Your foxfire dissipates!
Casting: Foxfire (safe; 1% risk of failure)
Press: ? - help, Q - select action, (/) - cycle Dir - look around, f - activate You conjure some foxfire!
* * * LOW HITPOINT WARNING * * *
Casting: Foxfire (safe; 1% risk of failure)
Confirm with . or Enter, or press ? or * to list all spells.
Flames lash the acid dragon but do no damage.
* * * LOW HITPOINT WARNING * * *
The foxfire hits the acid dragon.
Flame seeps out of the acid dragon.
The acid dragon is lightly wounded.
The foxfire hits the acid dragon.
Flame seeps out of the acid dragon.
The acid dragon is moderately wounded.
The acid dragon is engulfed in blazing flames.
Flame seeps out of the acid dragon.
Casting: Foxfire (safe; 1% risk of failure)
Press: ? - help, Q - select action, (/) - cycle Dir - look around, f - activate You conjure some foxfire!
* * * LOW HITPOINT WARNING * * *
The acid dragon spits acid at you. The splash of acid misses you.
Casting: Foxfire (safe; 1% risk of failure)
Confirm with . or Enter, or press ? or * to list all spells.
Flames lash the acid dragon.
The acid dragon scales are intact enough to wear.
* * * LOW HITPOINT WARNING * * *
The acid dragon explodes!
You feel a bit more experienced.
The fiery explosion engulfs your foxfire.
Your foxfire completely resists.
The fiery explosion engulfs you! You resist.
You die...

#. #.. ###...####
..###.## ##.....#.≈♣
.......###.....##≈≈≈
#.# #...#...##....≈≈
###.####.........#.≈♣.
........#..####....≈.
##§##.....#######<###
##.°§v..).......##..#
#.§.#@.#)######.###)#
#D#.#v##...# #.....#
#.#§#.####.# ####..#
..#§..# #.# ####
).##v.## #.# .## #.##
#.# #D ### #.# . ≈≈. .
≈≈≈


There were no monsters in sight!

Vanquished Creatures
  A two-headed ogre (D:8)
  Maurice (D:8)
  A komodo dragon (D:6)
  Grinder (D:3)
  Sigmund (D:4)
  Eustachio (D:4)
  Grum (D:8)
  A steam dragon (D:5)
  Menkaure (D:6)
  Edmund (D:6)
  An acid dragon (D:8)
  A water moccasin (D:4)
  An orc warrior (D:6)
  2 ogres
  A necrophage (D:4)
  A centaur (D:6)
  4 wolves (D:8)
  Blork the orc (D:6)
  2 bullfrogs
  A wyvern zombie (D:6)
  A gnoll sergeant (D:8)
  4 scorpions
  4 killer bees (D:7)
  9 wights
  3 howler monkeys
  A centaur zombie (D:8)
  3 hounds (D:6)
  3 jellies
  2 orc priests (D:6)
  2 gnoll shamans (D:4)
  A bullfrog skeleton (D:7)
  4 iguanas
  Terence (D:3)
  Jessica (D:2)
  Natasha (thrice) (D:3)
  5 orc wizards
  12 gnolls
  11 adders
  An ufetubus (D:5)
  An adder skeleton (D:4)
  2 worms
  8 dart slugs
  19 orcs
  5 bats
  6 endoplasms
  3 giant cockroaches
  5 goblins
  6 hobgoblins
  4 jackals (D:2)
  6 quokkas
  2 ball pythons
  2 frilled lizards
  6 kobolds
  3 rats
  A spectral hobgoblin (D:1)
175 creatures vanquished.

Vanquished Creatures (collateral kills)
  2 foxfires (D:6)
2 creatures vanquished.

Vanquished Creatures (others)
  875 foxfires
  56 plants (D:8)
931 creatures vanquished.

Grand Total: 1108 creatures vanquished

Notes
Turn   | Place    | Note
-------+----------+-------------------------------------------
     0 | D:1      | 101zpm the Djinni Fire Elementalist began the quest for the
                  | Orb.
     0 | D:1      | Reached XP level 1. HP: 15/15 MP: 0/0
    14 | D:2      | Reached XP level 2. HP: 13/21 MP: 0/0
   143 | D:2      | Reached skill level 3 in Spellcasting
   143 | D:2      | Reached XP level 3. HP: 22/25 MP: 0/0
   143 | D:2      | Learned a level 1 spell: Slow
   393 | D:2      | Noticed Jessica
   398 | D:2      | Killed Jessica
   399 | D:2      | Reached XP level 4. HP: 21/31 MP: 0/0
  1344 | D:3      | Noticed Natasha
  1347 | D:3      | Killed Natasha
  1348 | D:3      | Reached XP level 5. HP: 31/35 MP: 0/0
  1348 | D:3      | Learned a level 2 spell: Searing Ray
  1530 | D:3      | Reached skill level 4 in Spellcasting
  1553 | D:3      | Noticed Terence
  1559 | D:3      | Killed Terence
  2230 | D:3      | Noticed Natasha
  2236 | D:3      | Killed Natasha
  2295 | D:3      | Noticed Grinder
  2302 | D:3      | Killed Grinder
  2303 | D:3      | Reached skill level 5 in Spellcasting
  2303 | D:3      | Reached XP level 6. HP: 23/40 MP: 0/0
  2303 | D:3      | Reached XP level 7. HP: 26/45 MP: 0/0
  2303 | D:3      | Learned a level 3 spell: Teleport Other
  2489 | D:4      | Noticed Sigmund
  2632 | D:3      | Noticed Natasha
  2635 | D:3      | Killed Natasha
  3275 | D:3      | Found a snail-covered altar of Cheibriados.
  4090 | D:1      | Found a faded altar of an unknown god.
  4500 | D:1      | Reached skill level 6 in Spellcasting
  4885 | D:4      | Killed Sigmund
  4886 | D:4      | Reached XP level 8. HP: 44/50 MP: 0/0
  5738 | D:4      | Reached skill level 7 in Spellcasting
  6008 | D:4      | Found a burning altar of Makhleb.
  6219 | D:4      | Noticed Eustachio
  6228 | D:4      | Killed Eustachio
  6931 | D:5      | Entered Level 5 of the Dungeon
  6936 | D:5      | Reached XP level 9. HP: 40/55 MP: 0/0
  6936 | D:5      | Learned a level 3 spell: Dazzling Flash
  7058 | D:5      | Reached skill level 8 in Spellcasting
  8420 | D:6      | Noticed Edmund
  8421 | D:6      | Reached skill level 9 in Spellcasting
  8423 | D:6      | Killed Edmund
  9002 | D:6      | Noticed Blork the orc
  9006 | D:6      | Killed Blork the orc
  9280 | D:6      | Found a runed translucent door.
  9287 | D:6      | Noticed Crazy Yiuf
  9482 | D:6      | Reached XP level 10. HP: 32/60 MP: 0/0
  9688 | D:6      | Noticed Menkaure
  9691 | D:6      | Killed Menkaure
  9692 | D:6      | Reached skill level 10 in Spellcasting
  9738 | D:7      | Noticed a komodo dragon
 10084 | D:7      | Found a staircase to the Ecumenical Temple.
 10122 | Temple   | Entered the Ecumenical Temple
 11638 | D:6      | Killed a komodo dragon
 12064 | D:8      | Noticed Grum
 12070 | D:8      | Killed Grum
 12073 | D:8      | Noticed Maurice
 12075 | D:8      | Reached skill level 11 in Spellcasting
 12094 | D:8      | Killed Maurice
 12413 | D:8      | Noticed a two-headed ogre
 12420 | D:8      | Killed a two-headed ogre
 12627 | D:8      | Killed by an exploding acid dragon... ignited by their
                  | inner flame

Illustrated notes

Levels and vault maps discovered:
D:1:      psy_arrival_spokes, layout_loops_cross,
          dreamdust_ecumenical_altar_drowned_temple
D:2:      layout_loops_ring, uniq_jessica
D:3:      layout_loops_ring, mainiacjoe_overflow_alcove_4, uniq_terence,
          uniq_grinder, uniq_natasha
D:4:      minmay_chambers_of_twos, layout_basic, nicolae_overflow_crystal_walls,
          fountainhead, uniq_eustachio, uniq_sigmund
D:5:      minmay_angry_zag, layout_rooms
D:6:      layout_basic, minmay_misc_feat_alley, amcnicky_mini_corridor_feature,
          serial_bayou_pond_d, uniq_menkaure, uniq_edmund, uniq_blork_the_orc,
          uniq_crazy_yiuf_cottage
D:7:      layout_basic, minmay_temple_entry_trees, minivault_26,
          minmay_statues_item
D:8:      layout_rooms, nicolae_tso_besieged_by_evil,
          mainiacjoe_overflow_surrounded_room, serial_bayou,
          serial_bayou_pond_e, serial_bayou_shore_b, serial_bayou_shore_a,
          serial_bayou_lagoon_a, kennysheep_generic_room_6, uniq_maurice,
          uniq_grum
Temple:   cyrus_circular_temple

Skill      XL: |  1  2  3  4  5  6  7  8  9 10 |
---------------+-------------------------------+-----
Spellcasting   | 3 5 6 7 9 11 | 11.5
Stealth        | 2 3 |  3.8
Dodging        | 3 |  3.5
Fighting       | |  0.9

Action                   |  1- 3 |  4- 6 |  7- 9 | 10-12 || total
-------------------------+-------+-------+-------+-------++-------
 Cast: Foxfire           |    22 |    79 |   384 |    90 ||   575
       Scorch            |     1 |    13 |    37 |    22 ||    73
       Slow              |     1 |       |     1 |       ||     2
       Inner Flame       |       |     6 |    64 |    33 ||   103
       Conjure Flame     |       |     1 |       |     1 ||     2
       Teleport Other    |       |       |       |     2 ||     2
Armor: Robe              |       |       |     1 |       ||     1
Dodge: Dodged            |     3 |     1 |    18 |    17 ||    39
